 Dungeon Crawl Stone Soup version 0.25.0-26-g0c896c7088 (webtiles) character file.

Game seed: 26463098407945320

184724 flt the Convoker (level 18, -22/123 HPs)
             Began as a Tengu Summoner on July 2, 2020.
             Was the Champion of Yredelemnul.
             Killed from afar by an Ice Fiend (51 damage)
             ... with a bolt of cold
             ... summoned by the player character
             ... on level 4 of the Swamp on July 4, 2020.
             The game lasted 03:46:59 (42114 turns).

flt the Convoker (Tengu Summoner)                  Turns: 42114, Time: 03:47:01

Health: -22/123    AC: 15    Str: 13    XL:     18   Next: 2%
Magic:  20/33      EV: 24    Int: 20    God:    Yredelemnul [******]
Gold:   1804       SH:  5    Dex: 17    Spells: 1/37 levels left

rFire    . . .     SeeInvis +   a - +7 captain's cutlass {speed, disarm}
rCold    . . .     Gourm    .   (no shield)
rNeg     + . .     Faith    .   x - +4 ring mail of Disappointment {rPois MR+ rCorr}
rPois    +         Spirit   .   (helmet restricted)
rElec    .         Reflect  +   K - +2 cloak {rPois}
rCorr    +         Harm     .   y - +0 pair of gloves
MR       +++..                  (boots unavailable)
Stlth    ++++......             s - amulet of reflection
HPRegen  0.30/turn              k - ring "Gifeqiqa" {Wiz *Slow Dex+3 SInv Stlth+}
MPRegen  0.23/turn              v - ring of positive energy

@: flying quickly and evasively, quick
A: beak, horns 1, talons 3, magic resistance 1, robust 1, able to fly
}: 1/15 runes: serpentine
a: Stop Flying, Recall Undead Slaves, Injury Mirror, Animate Dead, Drain Life,
Enslave Soul, Renounce Religion


You were on level 4 of the Swamp.
You worshipped Yredelemnul.
Yredelemnul was exalted by your worship.
You were not hungry.

You visited 6 branches of the dungeon, and saw 32 of its levels.
You also visited: Ice Cave and Volcano.

You collected 3639 gold pieces.
You spent 1835 gold pieces at shops.

Inventory:

Hand Weapons
 a - the +7 captain's cutlass (weapon) {speed, disarm}
   (You found it on level 4 of the Dungeon)

   Attacks with this weapon are significantly faster.
 u - a +2 rapier of electrocution
 S - the +6 great sword "Dothrihuff" {flame, rF+ rC+ SInv}
   (You found it in an ice cave)

   It has been specially enchanted to burn those struck by it, causing extra
   injury to most foes and up to half again as much damage against particularly
   susceptible opponents.
   Big, fiery blades are also staple armaments of hydra-hunters.
   It protects you from fire.
   It protects you from cold.
   It lets you see invisible.
Missiles
 i - 1024 arrows
 m - 138 poisoned darts (quivered)
 w - 804 stones
 E - 2 throwing nets
 Q - 8 curare-tipped darts
Armour
 b - a +4 troll leather armour
 r - a +2 kite shield of protection
 x - the +4 ring mail of Disappointment (worn) {rPois MR+ rCorr}
   (You bought it in a shop on level 2 of the Orcish Mines)

   It protects you from poison.
   It affects your resistance to hostile enchantments.
   It provides partial protection from all sources of acid and corrosion.
 y - a +0 pair of gloves (worn)
 K - a +2 cloak of poison resistance (worn)
Magical Staves
 F - an uncursed staff of summoning
 P - an uncursed staff of energy
Jewellery
 f - a +6 ring of dexterity
 k - the ring "Gifeqiqa" (left hand) {Wiz *Slow Dex+3 SInv Stlth+}
   (You found it on level 2 of the Lair of Beasts)

   [ring of wizardry]

   It improves your spell success rate.
   It affects your dexterity (+3).
   It lets you see invisible.
   It may slow you when you take damage.
   It makes you more stealthy.
 s - an amulet of reflection (around neck)
 v - a ring of positive energy (right hand)
 Y - an uncursed ring of poison resistance
Wands
 g - a wand of iceblast (30)
 C - a wand of paralysis (4)
 L - a wand of polymorph (35)
 N - a wand of disintegration (18)
 T - a wand of flame (68)
 V - a wand of digging (1)
 W - a wand of clouds (9)
Scrolls
 d - 7 scrolls of remove curse
 e - 8 scrolls of teleportation
 o - 5 scrolls of identify
 p - 4 scrolls of immolation
 B - a scroll of brand weapon
 G - 4 scrolls of fog
 M - 3 scrolls of fear
 Z - a scroll of silence
Potions
 h - a potion of ambrosia
 j - 7 potions of mutation
 l - 9 potions of curing
 n - 4 potions of haste
 q - 3 potions of resistance
 t - 3 potions of brilliance
 z - a potion of invisibility
 A - 3 potions of magic
 H - a potion of cancellation
 I - 11 potions of lignification
 J - a potion of stabbing
 O - a potion of berserk rage
 R - 3 potions of might
Miscellaneous
 D - a phantom mirror
 U - a lightning rod (4/4)
Comestibles
 c - 27 rations


   Skills:
 + Level 12.5 Fighting
 - Level 14.0 Short Blades
 - Level 9.0 Armour
 - Level 14.0 Dodging
 - Level 7.0 Stealth
 - Level 5.0 Shields
 - Level 10.0 Spellcasting
 - Level 16.0 Summonings
 - Level 4.0 Ice Magic
 - Level 10.0 Air Magic
 + Level 11.3 Invocations


You had one spell level left.
You knew the following spells:

 Your Spells              Type           Power        Failure   Level  Hunger
b - Summon Ice Beast      Ice/Summ       ######..     1%          4    ##.....
c - Call Canine Familiar  Summ           ######..     1%          3    None
d - Summon Greater Demon  Summ           ######....   6%          7    #######
h - Summon Hydra          Summ           ######....   6%          7    #######
i - Ignite Poison         Fire/Tmut/Pois ##......     16%         3    None
l - Summon Lightning Spi  Summ/Air       ######..     1%          4    ##.....
m - Call Imp              Summ           ######..     1%          2    None
p - Poisonous Vapours     Pois/Air       ####..       1%          2    None
A - Apportation           Tloc           ##....       5%          1    None
O - Ozocubu's Armour      Chrm/Ice       ###.....     7%          3    None

Your spell library contained the following spells:

 Spells                   Type           Power        Failure   Level  Hunger
 Summon Small Mammal      Summ           ####         0%          1    None
 Animate Skeleton         Necr           N/A          5%          1    None
 Corona                   Hex            ##.....      5%          1    None
 Infusion                 Chrm           ##..         5%          1    None
 Magic Dart               Conj           ##..         5%          1    None
 Corpse Rot               Necr/Air       N/A          1%          2    None
 Summon Guardian Golem    Hex/Summ       #####...     1%          3    None
 Summon Forest            Summ/Tloc      #####.....   5%          5    ####...
 Monstrous Menagerie      Summ           ######....   6%          7    #######
 Searing Ray              Conj           ##....       8%          2    None
 Shroud of Golubria       Chrm/Tloc      ##....       8%          2    None
 Song of Slaying          Chrm           ##......     8%          2    None
 Dazzling Flash           Conj/Hex       ##....       16%         3    None
 Inner Flame              Hex/Fire       ##......     16%         3    None
 Spectral Weapon          Hex/Chrm       ##......     16%         3    None
 Stone Arrow              Conj/Erth      ##....       16%         3    None
 Summon Horrible Things   Summ           ######....   41%         8    #######
 Fulminant Prism          Conj/Hex       ##........   43%         4    ##.....
 Iskenderun's Mystic Bla  Conj/Tloc      ##......     43%         4    ##.....
 Leda's Liquefaction      Hex/Erth       ##........   43%         4    ##.....
 Bolt of Magma            Conj/Fire/Erth ##........   77%         5    ####...
 Irradiate                Conj/Tmut      ##........   77%         5    ####...
 Malign Gateway           Summ/Tloc      #####.....   82%         7    #######
 Eringya's Noxious Bog    Tmut/Pois      ##........   99%         6    ######.
 Hydra Form               Tmut           ##........   99%         6    ######.
 Iron Shot                Conj/Erth      ##........   99%         6    ######.
 Statue Form              Tmut/Erth      ##.......    99%         6    ######.
 Dragon Form              Tmut           ##........   100%        7    #######
 Shatter                  Erth           ##........   100%        9    #######


Dungeon Overview and Level Annotations

Branches:
Dungeon (15/15)            Temple (1/1) D:4            Lair (6/6) D:9
  Swamp (4/4) Lair:3        Snake (4/4) Lair:2        Slime (0/5) Lair:6
    Orc (2/2) D:12            Elf (0/3) Orc:2        Vaults (0/5) D:13
 Depths (0/5) D:15          IceCv (visited)         Volcano (visited)

Altars:
Ashenzari
Cheibriados
Dithmenos
Elyvilon
Fedhas
Gozag
Hepliaklqana
Kikubaaqudgha
Makhleb
Nemelex Xobeh
Okawaru
Qazlal
Ru
Sif Muna
Trog
Uskayaw
Vehumet
Wu Jian
Xom
Yredelemnul
Zin
The Shining One
Beogh

Shops:
D:7 (?   D:8 %*?=   D:11 (   Orc:2 *![(

Annotations:
D:13 3 runed translucent doors, tensugalgo's ghost, journeyman GrEE
D:14 2 transporters, Kilet's ghost, adept GrEE


Innate Abilities, Weirdness & Mutations

You have a beak for a mouth.
You have claws for feet.
You can fly continuously.
You have a pair of small horns on your head.
You are resistant to hostile enchantments. (MR+)
You are robust. (+10% HP)


Message History

Press: ? - help, Dir - move target cursor, f - alligator
Aim: an alligator (covering ground quickly) Attack!
Your Ice Fiend claws the alligator!
Your Ice Fiend freezes the alligator!!
Your Ice Fiend claws the alligator but does no damage.
The alligator closely misses you.
The alligator tail-slaps you but does no damage.
You puncture the alligator!
You claw the alligator, but do no damage.
You peck the alligator, but do no damage.
The alligator is severely wounded.
Your Ice Fiend gestures at the alligator.
The bolt of cold hits the alligator!!
The alligator dies!
Yredelemnul accepts your kill.
Training target 9.0 for Armour reached!
Your Armour skill increases to level 9!
The bolt of cold hits you!!!
You die...
Your body rises from the dead as a mindless zombie.

≈. .≈≈.≈
.≈≈≈§ ♣.≈≈≈≈
♣♣♣♣♣♣≈)≈≈≈≈
♣♣≈.♣1≈≈.§≈≈≈
♣..).○≈≈.≈≈≈≈
♣♣♣♣.○≈......
♣♣@♣♣....
♣.≈....≈≈
♣♣♣.≈.≈..
♣..?.. .≈..≈
≈.♣♣ .♣ ♣♣


You could see a friendly Ice Fiend (charmed, summoned, unaware).

Vanquished Creatures
  Nikola (Swamp:3)
  A vampire knight (Swamp:4)
  An ettin (D:15)
  Josephine (D:11)
  2 vault guards (D:13)
  11 hydras
  A naga warrior (Snake:2)
  Fannar (Lair:2)
  3 centaur warriors
  A dancing weapon (Volcano)
  4 two-headed ogres
  A death yak (Lair:3)
  5 anacondas
  An ogre mage (Orc:2)
  5 alligators
  2 tengu warriors
  2 orc high priests (Orc:2)
  4 naga sharpshooters
  5 shock serpents
  Sonja (Orc:1)
  Nergalle (D:11)
  A fire crab (Lair:4)
  A skeletal warrior (Swamp:4)
  4 wizards (Volcano)
  9 swamp dragons
  A naga ritualist (Snake:4)
  An orc knight (Orc:2)
  2 mana vipers (Snake:4)
  2 ugly things (D:12)
  An orc sorcerer (Orc:2)
  2 elephants (Lair:1)
  3 toenail golems (Volcano)
  5 salamanders
  18 black mambas
  A cyclops (D:11)
  A centaur zombie (D:11)
  3 naga magi
  A guardian serpent (Snake:4)
  15 spiny frogs
  A gargoyle (D:14)
  A kobold demonologist (D:15)
  7 rime drakes
  6 komodo dragons
  2 tyrant leeches
  A polar bear (IceCv)
  2 bog bodies
  5 trolls
  A hornet (Swamp:2)
  7 slime creatures
  7 hippogriffs
  15 blink frogs
  2 shadows
  2 vampires
  A wyvern (Lair:4)
  A wraith (D:11)
  24 yaks
  A basilisk (D:15)
  A human (D:13)
  A steam dragon (D:14)
  2 hungry ghosts
  8 vampire mosquitoes
  A warg (Orc:2)
  4 insubstantial wisps
  15 nagas
  5 swamp worms
  2 acid dragons
  6 water moccasins
  7 porcupines
  5 swamp drakes
  4 sky beasts
  A necrophage (Lair:2)
  4 ice beasts
  24 orc warriors
  A phantom (D:9)
  A slave (D:6)
  12 ogres
  A blink frog zombie (Lair:6)
  10 wolves
  17 centaurs
  7 crocodiles
  4 big kobolds
  11 bullfrogs
  A water moccasin zombie (Lair:6)
  A wyvern skeleton (D:11)
  2 scorpions (D:6)
  2 wights
  An electric eel (Lair:6)
  7 howler monkeys
  5 crimson imps
  9 jellies
  A quasit (D:10)
  22 orc priests
  5 hounds
  2 bullfrog skeletons
  3 iguanas
  13 orc wizards
  4 worker ants
  2 hound zombies
  2 hound skeletons (D:5)
  A worker ant zombie (D:6)
  A gnoll (D:4)
  5 adders
  3 shadow imps
  A dart slug (D:2)
  3 leopard geckos
  65 orcs
  8 bats
  2 giant cockroaches
  8 goblins
  2 hobgoblins
  9 jackals
  4 quokkas
  A frilled lizard (D:2)
  15 kobolds
  2 leopard gecko skeletons
  A quokka zombie (D:5)
  10 rats
588 creatures vanquished.

Vanquished Creatures (collateral kills)
  Vashnia (Snake:2)
  A tentacled monstrosity (Swamp:1)
  Rupert (D:15)
  Asterion (Snake:3)
  A thorn hunter (Swamp:4)
  8 nagarajas
  Roxanne (D:15)
  2 orc warlords (Orc:2)
  2 entropy weavers (Lair:4)
  13 hydras
  2 vault guards (D:13)
  14 naga warriors
  3 ghost crabs
  A catoblepas (Lair:6)
  A death knight (D:10)
  4 alligators
  6 anacondas
  3 two-headed ogres
  A centaur warrior (D:15)
  4 death yaks (Lair:3)
  9 naga sharpshooters
  2 orc high priests (Orc:2)
  6 shock serpents
  A hell knight (D:15)
  3 fire crabs (Lair:4)
  A wizard (Volcano)
  4 salamander mystics
  4 spriggan druids
  8 swamp dragons
  3 naga ritualists (Snake:4)
  A phantasmal warrior (D:10)
  Pikel (D:6)
  9 salamanders
  A manticore (D:15)
  5 mana vipers
  2 ugly things
  2 orc knights (Orc:2)
  2 orc sorcerers (Orc:2)
  2 cyclopes (D:15)
  2 oklob plants (Lair:1)
  A centaur zombie (D:13)
  10 guardian serpents
  3 elephants (Lair:1)
  12 naga magi
  An ice statue (IceCv)
  2 toenail golems (Volcano)
  20 black mambas
  2 gargoyles
  A torpor snail (Lair:6)
  19 spiny frogs
  4 rime drakes
  5 komodo dragons
  2 freezing wraiths (D:10)
  A redback zombie (D:14)
  2 tengu conjurers
  4 polar bears (IceCv)
  6 trolls
  17 blink frogs
  5 tyrant leeches
  4 hornets
  17 slime creatures
  4 bog bodies
  7 redbacks (D:14)
  4 hippogriffs
  A spriggan (Swamp:3)
  A vampire (D:15)
  7 wraiths
  33 yaks
  4 hungry ghosts
  2 basilisks
  6 humans (D:13)
  49 nagas
  14 vampire mosquitoes
  7 swamp worms
  4 insubstantial wisps
  An acid dragon (D:11)
  A soldier ant (D:13)
  A porcupine (Lair:1)
  A ghost crab zombie (Swamp:4)
  An ice beast (D:14)
  21 orc warriors
  A sky beast (D:5)
  4 swamp drakes
  3 black bears
  6 necrophages
  12 wolves
  7 ogres
  4 centaurs
  3 big kobolds (D:15)
  6 crocodiles
  10 bullfrogs
  2 wyvern zombies
  A scorpion (D:13)
  7 wights
  A crimson imp (D:11)
  2 bullfrog zombies
  A hound (D:5)
  9 jellies
  13 orc priests
  5 orc wizards
  Terence (D:3)
  3 worker ants
  2 mummies (D:8)
  A worker ant zombie (D:8)
  2 gnolls (D:4)
  6 adders
  2 shadow imps
  An adder skeleton (D:6)
  4 worms
  A dart slug (D:1)
  4 leopard geckos
  52 orcs
  3 bats (D:1)
  A giant cockroach (D:3)
  3 hobgoblins
  2 jackals (D:2)
  11 kobolds
  A frilled lizard (D:3)
  3 goblins
  2 bushes (Lair:3)
  56 fungi
  50 plants
  A withered plant (D:8)
754 creatures vanquished.

Vanquished Creatures (others)
  A profane servitor (Snake:4)
  A bone dragon (Swamp:4)
  3 vampire knights
  A spectral dwarf (Swamp:3)
  2 skeletal warriors (Lair:4)
  An entropy weaver zombie (Lair:4)
  A flayed ghost (Swamp:3)
  5 phantasmal warriors
  A shock serpent zombie (Snake:4)
  A shock serpent skeleton (Snake:4)
  A swamp worm zombie (Swamp:3)
  A hydra zombie (Swamp:3)
  A spectral orc (Snake:4)
  2 minotaur skeletons (Lair:4)
  A guardian serpent zombie (Snake:4)
  8 vampires
  3 flying skulls (Lair:3)
  7 black mamba zombies
  A spectral troll (Orc:1)
  A human (D:13)
  A spiny frog zombie (Lair:1)
  A slave (D:7)
  2 swamp dragon zombies
  7 blink frog zombies
  A ghost crab zombie (Lair:4)
  3 blink frog skeletons
  4 vampire mosquito zombies (Lair:6)
  A rime drake zombie (Lair:4)
  3 fire crab zombies (Lair:4)
  A komodo dragon zombie (Lair:6)
  2 salamander zombies (Snake:3)
  A wyvern zombie (Lair:4)
  A cyclops zombie (D:11)
  A water moccasin zombie (Lair:6)
  3 yak zombies
  2 troll skeletons (Lair:4)
  2 yak skeletons
  2 wights (Lair:1)
  8 wolf zombies
  2 wolf skeletons
  5 centaur zombies
  2 bullfrog zombies (Lair:6)
  A basilisk zombie (D:11)
  2 bullfrog skeletons
  A centaur skeleton (Lair:4)
  An iguana (D:7)
  An orc wizard (Orc:2)
  2 porcupine zombies
  2 bog body skeletons (Swamp:3)
  A porcupine skeleton (Lair:5)
  An acid dragon zombie (D:11)
  3 big kobold zombies
  6 ogre zombies
  10 naga zombies
  A dwarf skeleton (D:7)
  2 deep dwarf skeletons (Lair:4)
  A necrophage skeleton (D:8)
  3 hound zombies
  2 mummies
  3 howler monkey zombies
  A worker ant zombie (D:11)
  A howler monkey skeleton (D:10)
  2 swamp drake zombies
  An adder (D:7)
  4 adder zombies
  2 quokkas (D:7)
  6 kobold zombies
  3 orc skeletons
  16 orc zombies
  4 fungi
  38 plants
219 creatures vanquished.

Grand Total: 1561 creatures vanquished

Notes
Turn   | Place    | Note
-------+----------+-------------------------------------------
     0 | D:1      | flt the Tengu Summoner began the quest for the Orb.
     0 | D:1      | Reached XP level 1. HP: 10/10 MP: 4/4
   340 | D:1      | Reached skill level 5 in Summonings
   340 | D:1      | Reached XP level 2. HP: 10/15 MP: 6/6
   498 | D:1      | Learned a level 2 spell: Call Imp
   826 | D:1      | Reached XP level 3. HP: 16/19 MP: 4/7
   836 | D:1      | Learned a level 3 spell: Call Canine Familiar
  1193 | D:2      | Reached skill level 1 in Armour
  1248 | D:2      | Noticed a hippogriff
  1259 | D:2      | Killed a hippogriff
  1259 | D:2      | Reached XP level 4. HP: 24/24 MP: 3/9
  1259 | D:2      | Gained mutation: You can fly continuously. [Tengu growth]
  1259 | D:2      | Reached XP level 5. HP: 28/28 MP: 3/10
  1452 | D:2      | Found a white marble altar of Elyvilon.
  1481 | D:2      | Found a radiant altar of Vehumet.
  1704 | D:2      | Found a basalt altar of Yredelemnul.
  1848 | D:2      | Became a worshipper of Yredelemnul the Dark
  2482 | D:3      | Found a stormy altar of Qazlal.
  2708 | D:3      | Noticed Terence
  2745 | D:3      | Killed Terence
  2745 | D:3      | Reached skill level 6 in Summonings
  2806 | D:4      | Found the +7 captain's cutlass {speed, disarm}
  2870 | D:4      | Reached * piety under Yredelemnul
  3098 | D:4      | Reached XP level 6. HP: 32/32 MP: 10/12
  3110 | D:4      | Found a staircase to the Ecumenical Temple.
  3120 | Temple   | Entered the Ecumenical Temple
  4156 | D:5      | Entered Level 5 of the Dungeon
  4205 | D:5      | Noticed a sky beast
  4215 | D:5      | Gained mutation: You are resistant to hostile enchantments.
                  | (MR+) [potion of mutation]
  4215 | D:5      | Gained mutation: You have a pair of small horns on your
                  | head. [potion of mutation]
  4215 | D:5      | Gained mutation: You are robust. (+10% HP) [potion of
                  | mutation]
  4221 | D:5      | Killed a sky beast
  4394 | D:5      | Reached XP level 7. HP: 33/39 MP: 10/14
  4443 | D:5      | Reached skill level 7 in Summonings
  4772 | D:5      | You fall into a shaft and drop 3 floors!
  4857 | D:8      | Noticed a hungry ghost
  4903 | D:6      | Reached skill level 5 in Spellcasting
  4903 | D:6      | Reached XP level 8. HP: 39/45 MP: 12/16
  4938 | D:6      | Reached ** piety under Yredelemnul
  4945 | D:6      | Found a shadowy altar of Dithmenos.
  4970 | D:6      | Reached skill level 8 in Summonings
  5116 | D:6      | Learned a level 4 spell: Summon Ice Beast
  5121 | D:6      | Learned a level 4 spell: Summon Lightning Spire
  5146 | D:6      | Found a shimmering blue altar of Sif Muna.
  5181 | D:6      | Reached skill level 5 in Dodging
  5192 | D:6      | Noticed a yak
  5196 | D:6      | Noticed a yak
  5198 | D:6      | Noticed a yak
  5199 | D:6      | Noticed a yak
  5201 | D:6      | Noticed a yak
  5203 | D:6      | Killed a yak
  5210 | D:6      | Killed a yak
  5214 | D:6      | Killed a yak
  5214 | D:6      | Reached skill level 9 in Summonings
  5214 | D:6      | Reached XP level 9. HP: 37/49 MP: 19/19
  5370 | D:6      | Found an opulent altar of Gozag.
  5419 | D:6      | Reached skill level 5 in Armour
  5492 | D:6      | Found a bloodstained altar of Trog.
  5950 | D:5      | Found a glowing silver altar of Zin.
  6369 | D:7      | Found Jire's Magic Scroll Shoppe.
  6371 | D:7      | Noticed Pikel
  6388 | D:6      | Killed Pikel
  6388 | D:6      | Reached skill level 10 in Summonings
  6516 | D:7      | Bought a scroll of noise for 11 gold pieces
  6516 | D:7      | Bought a scroll of magic mapping for 38 gold pieces
  6516 | D:7      | Bought a scroll of identify for 22 gold pieces
  6545 | D:7      | Found a shattered altar of Ashenzari.
  6633 | D:7      | Reached *** piety under Yredelemnul
  7173 | D:7      | Found Koblo's Antique Weapon Shop.
  7309 | D:7      | Reached skill level 1 in Short Blades
  7445 | D:8      | Reached skill level 1 in Air Magic
  7445 | D:8      | Reached XP level 10. HP: 34/55 MP: 20/22
  7476 | D:8      | Reached skill level 1 in Ice Magic
  7492 | D:8      | Found Moigh's Jewellery Shop.
  7515 | D:8      | Found a burning altar of Makhleb.
  7515 | D:8      | Noticed a balrug
  7520 | D:8      | Noticed a smoke demon
  7622 | D:8      | Found Lorpheec's Food Emporium.
  7652 | D:8      | Found Ujourphych's Assorted Antiques.
  7669 | D:8      | Bought a scroll labeled XAEDUN PEH BIB for 26 gold pieces
  7669 | D:8      | Bought a scroll labeled UDUVOI GINUCUIPN for 26 gold pieces
  7781 | D:8      | Found Wuvir's Magic Scroll Shoppe.
  7784 | D:8      | Bought a scroll of fog for 28 gold pieces
  7839 | D:8      | Found an ornate altar of the Wu Jian Council.
  8407 | D:9      | Noticed a guardian serpent
  8423 | D:9      | Killed a guardian serpent
  8447 | D:9      | Found a blossoming altar of Fedhas.
  8472 | D:9      | Found a staircase to the Lair.
  8671 | D:9      | Reached skill level 11 in Summonings
  8831 | D:9      | Reached skill level 1 in Fighting
  8949 | D:9      | Reached **** piety under Yredelemnul
  9138 | D:9      | Found a sparkling altar of Nemelex Xobeh.
  9151 | D:9      | Received a gift from Yredelemnul (a mummy)
  9285 | D:10     | Entered Level 10 of the Dungeon
  9311 | D:10     | Noticed a two-headed ogre
  9336 | D:9      | Killed a two-headed ogre
  9458 | D:10     | Noticed a two-headed ogre
  9470 | D:10     | Killed a two-headed ogre
  9470 | D:10     | Reached skill level 5 in Short Blades
  9470 | D:10     | Reached XP level 11. HP: 53/62 MP: 17/24
  9854 | D:10     | Noticed a death knight
  9854 | D:10     | Noticed a phantasmal warrior
  9871 | D:10     | Killed a phantasmal warrior
 10065 | D:11     | Noticed Josephine
 10138 | D:11     | Paralysed by a hornet for 3 turns
 10325 | D:11     | Noticed Nergalle
 10340 | D:11     | Killed Nergalle
 10470 | D:11     | Reached ***** piety under Yredelemnul
 10470 | D:11     | Reached skill level 12 in Summonings
 10471 | D:11     | Received a gift from Yredelemnul (a mummy)
 10517 | D:11     | Noticed a cyclops
 10527 | D:11     | Killed a cyclops
 10530 | D:11     | Noticed a brown ugly thing
 10540 | D:11     | Killed a brown ugly thing
 10575 | D:11     | Reached skill level 5 in Air Magic
 10716 | Lair:1   | Entered Level 1 of the Lair of Beasts
 10728 | Lair:1   | Reached skill level 1 in Invocations
 10960 | Lair:1   | Identified the Catalogue of Blistering Intoxication
 10966 | Lair:1   | Learned a level 3 spell: Ignite Poison
 11127 | Lair:1   | Received a gift from Yredelemnul (a wight)
 11431 | Lair:1   | Noticed an oklob plant
 11518 | Lair:1   | Received a gift from Yredelemnul (a wight)
 11523 | Lair:1   | Reached XP level 12. HP: 26/72 MP: 10/26
 12385 | Lair:2   | Found a frozen archway.
 12403 | Lair:2   | Reached skill level 13 in Summonings
 12412 | Lair:2   | Received a gift from Yredelemnul (a vampire)
 12430 | Lair:2   | Got a heavily runed bone ring
 12434 | Lair:2   | Identified the ring "Gifeqiqa" {Wiz *Slow Dex+3 SInv
                  | Stlth+} (You found it on level 2 of the Lair of Beasts)
 12436 | IceCv    | Entered an ice cave
 12882 | IceCv    | Received a gift from Yredelemnul (a vampire)
 13556 | IceCv    | Got a warped great sword
 13847 | Lair:2   | Learned a level 1 spell: Apportation
 14053 | Lair:2   | Identified the +6 great sword "Dothrihuff" {flame, rF+ rC+
                  | SInv} (You found it in an ice cave)
 14074 | Lair:2   | Found a staircase to the Snake Pit.
 14079 | Lair:2   | Reached skill level 5 in Fighting
 14240 | Lair:2   | Noticed Fannar
 14259 | Lair:2   | Killed Fannar
 14756 | Lair:3   | Noticed a death yak
 14765 | Lair:3   | Killed a death yak
 14765 | Lair:3   | Received a gift from Yredelemnul (a phantasmal warrior)
 14767 | Lair:3   | Noticed a death yak
 14773 | Lair:3   | Noticed a death yak
 14775 | Lair:3   | Noticed a death yak
 14776 | Lair:3   | Killed a death yak
 14777 | Lair:3   | Noticed a death yak
 14780 | Lair:3   | Killed a death yak
 14783 | Lair:3   | Killed a death yak
 14787 | Lair:3   | Killed a death yak
 14891 | Lair:3   | Got a transparent plate armour
 14910 | Lair:3   | Reached skill level 14 in Summonings
 14915 | Lair:3   | Received a gift from Yredelemnul (3 flying skulls)
 14995 | Lair:3   | Reached XP level 13. HP: 76/80 MP: 25/27
 15119 | Lair:3   | Received a gift from Yredelemnul (a vampire)
 15242 | Lair:3   | Reached skill level 10 in Short Blades
 15254 | Lair:3   | Learned a level 2 spell: Poisonous Vapours
 15590 | Lair:3   | Found a staircase to the Swamp.
 16067 | Lair:3   | Identified the +9 plate armour "Seyv" {MP+9 Str+2} (You
                  | found it on level 3 of the Lair of Beasts)
 16118 | Lair:4   | Found a runed translucent door.
 16249 | Lair:4   | Received a gift from Yredelemnul (a vampire)
 16652 | Lair:4   | Reached skill level 5 in Invocations
 17142 | Lair:4   | Noticed an entropy weaver
 17162 | Lair:4   | Killed an entropy weaver
 17247 | Lair:4   | Reached skill level 10 in Dodging
 17317 | Lair:4   | Noticed an entropy weaver
 17328 | Lair:4   | Killed an entropy weaver
 17742 | Lair:5   | Received a gift from Yredelemnul (a flayed ghost)
 17768 | Lair:5   | Found a dark tunnel.
 17803 | Volcano  | Entered a volcano
 17927 | Volcano  | Paralysed by a wizard for 4 turns
 18290 | Lair:5   | Received a gift from Yredelemnul (a skeletal warrior)
 18574 | Lair:5   | Reached skill level 5 in Stealth
 18643 | Lair:5   | Reached XP level 14. HP: 90/90 MP: 28/28
 18731 | Lair:5   | Received a gift from Yredelemnul (a skeletal warrior)
 19236 | Lair:6   | Entered Level 6 of the Lair of Beasts
 19315 | Lair:6   | Found a staircase to the Slime Pits.
 19327 | Lair:6   | Learned a level 3 spell: Ozocubu's Armour
 19331 | Lair:6   | Learned a level 3 spell: Spectral Weapon
 21805 | Lair:4   | Noticed an entropy weaver
 22428 | D:10     | Reached skill level 1 in Shields
 22434 | D:10     | Received a gift from Yredelemnul (a phantasmal warrior)
 23080 | D:11     | Found Voireo's Antique Weapon Shop.
 23109 | D:11     | Killed Josephine
 23130 | D:11     | Reached ****** piety under Yredelemnul
 23280 | D:11     | Found a blossoming altar of Fedhas.
 23853 | D:12     | Received a gift from Yredelemnul (a vampire knight)
 24069 | D:12     | Received a gift from Yredelemnul (a flayed ghost)
 24090 | D:12     | Found a staircase to the Orcish Mines.
 24849 | D:12     | Received a gift from Yredelemnul (a phantasmal warrior)
 25248 | D:8      | Bought a scroll of acquirement for 728 gold pieces
 25256 | D:8      | Learned a level 5 spell: Summon Forest
 25854 | D:13     | Found a runed translucent gate.
 25854 | D:13     | Found a runed translucent gate.
 25854 | D:13     | Found a runed translucent gate.
 25855 | D:13     | Noticed tensugalgo's ghost (journeyman GrEE)
 26172 | D:13     | Received a gift from Yredelemnul (a bone dragon)
 26176 | D:13     | Reached XP level 15. HP: 89/99 MP: 29/29
 26225 | D:13     | Got a faintly glowing ring mail
 26236 | D:13     | Identified the +3 ring mail "Ranulleg" {Harm *Slow rF-
                  | Regen+} (You found it on level 13 of the Dungeon)
 26346 | D:13     | Found a gate to the Vaults.
 26477 | D:13     | Received a gift from Yredelemnul (a bone dragon)
 27171 | D:14     | Found a transporter.
 27174 | D:14     | Noticed Kilet's ghost (adept GrEE)
 27270 | D:14     | Found a transporter.
 27352 | D:14     | Received a gift from Yredelemnul (a vampire)
 27449 | D:14     | Got a brightly glowing mace
 27478 | D:14     | Identified the +6 mace "Tormentor" {venom, rElec Dex-4
                  | Stlth+} (You found it on level 14 of the Dungeon)
 28337 | D:15     | Entered Level 15 of the Dungeon
 28424 | D:15     | Found a staircase to the Depths.
 28755 | D:15     | Noticed Rupert
 28765 | D:15     | Killed Rupert
 28765 | D:15     | Reached skill level 5 in Shields
 29018 | D:15     | Noticed Roxanne
 29031 | D:15     | Killed Roxanne
 29959 | Orc:1    | Entered Level 1 of the Orcish Mines
 29968 | Orc:1    | Received a gift from Yredelemnul (a vampire)
 30231 | Orc:1    | Noticed Snorg
 30244 | Orc:1    | Killed Snorg
 30244 | Orc:1    | Enslaved Snorg
 30245 | Orc:1    | Your ally Snorg died
 30394 | Orc:1    | Noticed Sonja
 30398 | Orc:1    | Killed Sonja
 30606 | Orc:2    | Entered Level 2 of the Orcish Mines
 30816 | Orc:2    | Received a gift from Yredelemnul (a skeletal warrior)
 30837 | Orc:2    | Reached skill level 10 in Fighting
 31186 | Orc:2    | Found Tisedghyz's Distillery.
 31192 | Orc:2    | Bought a potion of heal wounds for 85 gold pieces
 31200 | Orc:2    | Found Beeschilu's General Store.
 31200 | Orc:2    | Noticed an orc warlord
 31212 | Orc:2    | Killed an orc warlord
 31217 | Orc:2    | Bought a potion of curing for 36 gold pieces
 31226 | Orc:2    | Found a roughly hewn altar of Beogh.
 31561 | Orc:2    | Received a gift from Yredelemnul (a profane servitor)
 31796 | Orc:2    | Found a staircase to the Elven Halls.
 32160 | Orc:2    | Found a roughly hewn altar of Beogh.
 32160 | Orc:2    | Noticed an orc warlord
 32167 | Orc:2    | Received a gift from Yredelemnul (a vampire knight)
 32176 | Orc:2    | Killed an orc warlord
 32207 | Orc:2    | Reached skill level 10 in Spellcasting
 32286 | Orc:2    | Found Gyser's Antique Weapon Shop.
 32397 | Orc:2    | Found Keligou's Armour Emporium.
 32494 | Orc:2    | Bought the +4 ring mail of Disappointment {rPois MR+ rCorr}
                  | for 835 gold pieces
 32981 | Snake:1  | Entered Level 1 of the Snake Pit
 33350 | Snake:1  | Reached XP level 16. HP: 107/107 MP: 31/31
 33871 | Snake:2  | Noticed Vashnia
 33884 | Snake:2  | Received a gift from Yredelemnul (a vampire)
 33898 | Snake:2  | Killed Vashnia
 34676 | Snake:3  | Noticed a nagaraja
 34684 | Snake:3  | Killed a nagaraja
 34741 | Snake:3  | Received a gift from Yredelemnul (a vampire)
 34878 | Snake:3  | Received a gift from Yredelemnul (a vampire)
 35296 | Snake:3  | Noticed Asterion
 35314 | Snake:3  | Killed Asterion
 35779 | Snake:3  | Learned a level 7 spell: Summon Greater Demon
 35780 | Snake:4  | Entered Level 4 of the Snake Pit
 35797 | Snake:4  | Received a gift from Yredelemnul (a phantasmal warrior)
 35890 | Snake:4  | Noticed a nagaraja
 35906 | Snake:4  | Killed a nagaraja
 35907 | Snake:4  | Received a gift from Yredelemnul (a phantasmal warrior)
 36322 | Snake:4  | Reached skill level 10 in Invocations
 36550 | Snake:4  | Reached skill level 10 in Air Magic
 36619 | Snake:4  | Noticed a nagaraja
 36621 | Snake:4  | Killed a nagaraja
 36639 | Snake:4  | Received a gift from Yredelemnul (a vampire knight)
 37067 | Snake:4  | Reached XP level 17. HP: 102/114 MP: 32/32
 37237 | Snake:4  | Reached skill level 15 in Summonings
 37397 | Snake:4  | Received a gift from Yredelemnul (a bone dragon)
 37747 | Snake:4  | Got a serpentine rune of Zot
 37756 | Snake:4  | Learned a level 7 spell: Summon Hydra
 38019 | Swamp:1  | Entered Level 1 of the Swamp
 38233 | Swamp:1  | Noticed a tentacled monstrosity
 38241 | Swamp:1  | Killed a tentacled monstrosity
 39145 | Swamp:1  | Noticed Jorgrun
 39162 | Swamp:1  | Killed Jorgrun
 39162 | Swamp:1  | Enslaved Jorgrun
 40435 | Swamp:3  | Received a gift from Yredelemnul (a ghoul)
 40561 | Swamp:3  | Your ally Jorgrun died
 41180 | Swamp:3  | Noticed Nikola
 41192 | Swamp:3  | Killed Nikola
 41216 | Swamp:3  | Received a gift from Yredelemnul (a vampire knight)
 42014 | Swamp:4  | Entered Level 4 of the Swamp
 42084 | Swamp:4  | Reached skill level 16 in Summonings
 42086 | Swamp:4  | Reached XP level 18. HP: 98/123 MP: 30/33
 42114 | Swamp:4  | Killed from afar by an Ice Fiend

Illustrated notes

Levels and vault maps discovered:
D:1:      dpeg_arrival_subterranean_lakeside_camping, layout_loops_cross
D:2:      layout_loops_cross, kennysheep_ying_yang, lemuel_crystal_altar
D:3:      layout_basic, lemuel_crystal_altar, first_ration, uniq_terence
D:4:      layout_basic, minmay_temple_entry_mist
D:5:      layout_loops_ring, nicolae_overflow_hidden_temple
D:6:      layout_loops_ring, lemuel_round_altar,
          nicolae_dithmenos_shadow_blocks, trog_ov_bears_minmay,
          nicolae_gozag_seed_capital
D:7:      layout_loops_cross, nicolae_ashenzari_panopticon, serial_shops,
          nicolae_shop_crystal, shop_statue, grunt_ogre_cave,
          grunt_ministairs_7, minmay_manual_mares, uniq_pikel
D:8:      layout_loops_ring, old_standard_altar, serial_shops,
          kennysheep_mini_moat, nicolae_shop_overgrown_old_shop,
          nicolae_shop_statue_plus, shop, serial_undead, serial_undead_a,
          serial_undead_e, serial_undead_e, serial_undead_b,
          makhleb_altar_promises_db
D:9:      wander_river, layout_loops_ring, lemuel_round_altar,
          lemuel_crystal_altar, grunt_lair_entry_orc_guard_hut,
          nrook_guardian_serpent_double
D:10:     layout_roguey
D:11:     layout_long_grid, serial_shops, shop, minmay_misc_feat_x,
          grunt_decor_fettered, minmay_ruined_shrine, uniq_nergalle,
          uniq_josephine
D:12:     layout_long_grid, david_orc_4, minmay_misc_feat_iff
D:13:     layout_big_octagon, ximxim_vaults_locker_room, serial_column_ruins,
          column_ruins_hut, column_ruins_courtyard_long, column_ruins_grid_1,
          column_ruins_grid_1, column_ruins_open_tiny,
          column_ruins_corridor_straight, gammafunk_ghost_spectres
D:14:     layout_rooms, gammafunk_ghost_stat_death, dk_noncrumbling_4, drop_trap
D:15:     hangedman_depths_entry_civil_slaughter, layout_stronghold,
          dk_noncrumbling_2, uniq_roxanne, uniq_rupert
Temple:   compressed_dpeg_triangle_lava_temple
Lair:1:   layout_cave_pods, grunt_megastairs_5, serial_bayou_shore_b,
          infiniplex_staircase_pool_2, minmay_lair_oklob_chamber,
          lemuel_fruit_tree, serial_bayou_shore_b
Lair:2:   layout_cave_pods, minmay_snake_entry_guardpost_small,
          portal_ice_cave_entry_pillars_1, roderic_carrion_pond,
          serial_bayou_shore_b, uniq_fannar
Lair:3:   layout_chaotic_city, skrybe_swamp_entry_bodies
Lair:4:   gammafunk_mikee_crab_dinner, layout_regular_city
Lair:5:   layout_cellular_growth, enter_volcano_2, minmay_lair_drake_nest
Lair:6:   minmay_lair_end_frog_pond, layout_big_grid,
          minmay_slime_entry_jelly_boxes
Swamp:1:  layout_basic_swamp, nicolae_swamp_fairy_circle, swamp_pool3,
          uniq_jorgrun
Swamp:2:  layout_basic_swamp, evilmike_swamp_ruin_house_3, swamp_pool5
Swamp:3:  layout_falls_marsh, serial_swamp_ruin, evilmike_swamp_ruin_house_5,
          evilmike_swamp_ruin_house_4, evilmike_swamp_ruin_house_2,
          st_swamp_ruins_4, uniq_nikola
Swamp:4:  swamp_alternative, layout_basic_swamp
Snake:1:  layout_misc_corridors
Snake:2:  layout_concentric_octagons, uniq_vashnia
Snake:3:  layout_misc_corridors, uniq_asterion
Snake:4:  johnstein_snake_rune_scales, layout_misc_corridors,
          nicolae_snake_shapes, grunt_megastairs_4
Orc:1:    layout_caves, mumra_transporter_accident, uniq_snorg, uniq_sonja
Orc:2:    pubby_orc_utopia, serial_shops

Skill      XL: |  1  2  3  4  5  6  7  8  9 10 11 12 13 14 15 16 17 18 |
---------------+-------------------------------------------------------+-----
Summonings     | 5 6 7 9 10 11 12 14 16 | 16.0
Armour         | 1 2 3 4 5 6 8 9 |  9.0
Dodging        | 3 4 5 6 7 8 9 10 11 13 14 | 14.0
Spellcasting   | 3 4 5 6 7 8 9 10 | 10.0
Short Blades   | 1 5 7 9 13 14 | 14.0
Air Magic      | 1 3 5 6 8 10 | 10.0
Ice Magic      | 2 4 |  4.0
Fighting       | 2 3 5 7 9 10 11 12 | 12.5
Invocations    | 2 4 6 7 9 10 11 | 11.3
Stealth        | 3 5 7 |  7.0
Shields        | 3 5 |  5.0

Action                   |  1- 3 |  4- 6 |  7- 9 | 10-12 | 13-15 | 16-18 || total
-------------------------+-------+-------+-------+-------+-------+-------++-------
Melee: Club              |    42 |       |       |       |       |       ||    42
       Unarmed           |     7 |       |       |       |       |       ||     7
       Kick              |    14 |    13 |    26 |   125 |   251 |   114 ||   543
       Spear             |    27 |    76 |       |       |       |       ||   103
       Peck              |     7 |     8 |    24 |    82 |   182 |    90 ||   393
       Cutlass           |       |    42 |   185 |   528 |   988 |   359 ||  2102
       Headbutt          |       |     1 |    28 |    76 |   182 |    71 ||   358
Throw: Dart              |       |       |       |    15 |       |       ||    15
 Cast: Summon Small Mamm |     9 |     1 |       |       |       |       ||    10
       Call Imp          |     9 |    21 |    19 |    33 |       |       ||    82
       Call Canine Famil |     1 |     7 |    10 |    27 |     5 |       ||    50
       Summon Lightning  |       |       |       |    12 |     9 |     5 ||    26
       Summon Ice Beast  |       |       |       |    20 |    43 |     6 ||    69
       Poisonous Vapours |       |       |       |       |    48 |     4 ||    52
       Ignite Poison     |       |       |       |       |    14 |       ||    14
       Summon Forest     |       |       |       |       |     1 |       ||     1
       Summon Hydra      |       |       |       |       |       |     3 ||     3
       Summon Greater De |       |       |       |       |       |     1 ||     1
Invok: Animate Remains   |       |     1 |    18 |       |       |       ||    19
       Animate Dead      |       |       |     4 |    61 |   114 |    62 ||   241
       Recall Undead Sla |       |       |     4 |     7 |    19 |    17 ||    47
       Injury Mirror     |       |       |       |     2 |       |       ||     2
       Drain Life        |       |       |       |     1 |     7 |    20 ||    28
       Enslave Soul      |       |       |       |       |     4 |     1 ||     5
 Abil: Fly               |       |       |       |     1 |       |       ||     1
Evoke: Wand              |       |       |       |       |     7 |     5 ||    12
       Lightning rod     |       |       |       |       |     2 |       ||     2
  Use: Scroll            |     1 |       |     7 |    15 |    19 |    12 ||    54
       Potion            |       |     1 |     3 |     4 |     5 |     6 ||    19
 Stab: Sleeping          |       |     4 |     2 |     6 |    34 |    26 ||    72
       Distracted        |       |       |     1 |    10 |    23 |     5 ||    39
       Paralysed         |       |       |       |       |     1 |     2 ||     3
  Eat: Chunk             |     2 |     8 |     9 |    18 |    47 |     8 ||    92
       Ration            |       |     1 |     2 |     9 |    17 |    16 ||    45
Armor: Troll leather arm |    18 |    31 |    34 |    89 |    63 |     3 ||   238
       Ring mail         |       |       |       |       |       |    39 ||    39
Dodge: Dodged            |    52 |    87 |   137 |   393 |   507 |   232 ||  1408
Block: Other             |       |       |       |       |    61 |    46 ||   107
       Reflection        |       |       |       |       |     4 |     4 ||     8
